 Dungeon Crawl Stone Soup version 0.19.0-2-gae57169 (webtiles) character file.

132 Gingerlord the Skirmisher (level 5, -1/42 HPs)
             Began as a Human Wanderer on Nov 7, 2016.
             Engulfed by a steam dragon's steam (5 damage)
             ... on level 4 of the Dungeon.
             The game lasted 00:08:41 (3960 turns).

Gingerlord the Skirmisher (Human Wanderer)          Turns: 3960, Time: 00:08:42

Health: -1/42      AC:  6    Str: 18    XL:     5   Next: 38%
Magic:  5/5        EV: 11    Int:  9    God:
Gold:   210        SH:  0    Dex: 11    Spells: 0 memorised, 4 levels left

rFire  . . .     SeeInvis .     n - +0 rapier
rCold  . . .     Gourm    .     c - +0 ring mail
rNeg   . . .     Faith    .     (no shield)
rPois  .         Spirit   .     (no helmet)
rElec  .         Reflect  .     (no cloak)
rCorr  .         Harm     .     e - +0 pair of gloves
MR     .....                    (no boots)
Stlth  ..........               (no amulet)
                                (no ring)
                                (no ring)

@: confused, lethally poisoned (-1 -> -3)
A: no striking features
a: no special abilities


You were on level 4 of the Dungeon.
You were not hungry.

You visited 1 branch of the dungeon, and saw 4 of its levels.

You collected 210 gold pieces.

Inventory:

Hand Weapons
 d - a +0 club
 n - a +0 rapier (weapon)
Armour
 c - a +0 ring mail (worn)
 e - a +0 pair of gloves (worn)
Wands
 t - a wand of polymorph (0/24)
Scrolls
 b - a scroll of enchant armour {unknown}
 h - 2 scrolls of remove curse
 i - 2 scrolls of identify
 k - a scroll of fog {unknown}
 l - a scroll of blinking {unknown}
 m - a scroll of immolation {unknown}
 q - a scroll of recharging {unknown}
Potions
 a - a potion of might
 j - a potion of agility
 o - a potion of curing
 r - a potion of heal wounds {unknown}
 s - 2 potions of resistance {unknown}
 u - a potion of brilliance {unknown}
 w - a potion of invisibility {unknown}
Comestibles
 f - 3 bread rations
 p - a slice of pizza
 v - a meat ration


   Skills:
 + Level 4.1 Fighting
 * Level 1.0 Maces & Flails
   Level 1.0 Bows
 + Level 2.4 Armour
 + Level 2.3 Dodging
 - Level 2.0 Stealth
   Level 3.0 Translocations


You had 4 spell levels left.
You didn't know any spells.

Dungeon Overview and Level Annotations

Branches:
Dungeon (4/15)
 Temple: D:4-7

Altars:
Ru
Sif Muna
Uskayaw
Yredelemnul

Annotations:
D:3 mibe's ghost, amateur OgWn


Message History

You are engulfed in a cloud of scalding steam.
You feel sick. The steam dragon barely misses you.
The steam dragon closely misses you.
Unknown command.
Okay, then.
Okay, then.
The steam dragon bites you.
* * * LOW HITPOINT WARNING * * *
The steam dragon barely misses you.
You are confused.
You feel invigorated.
You feel sick. The steam dragon bites you.
* * * LOW HITPOINT WARNING * * *
The steam dragon claws you but does no damage.
The steam dragon breathes steam at you. The ball of steam hits you!
* * * LOW HITPOINT WARNING * * *
Unknown command.
You bump into the rock wall.
You are engulfed in a cloud of scalding steam.
You die...

######.## ##
#.#...... .###
......... ...####
....)..#
##.>..... #.....#
##...#
#.....###...## ..
##....##.D### #.
#........@# .. #.
##........## #..
#. #........##
#..# #.
#..##.....# #..#
##. .. #.....##
#..# #.. .
#......###..#
###..
#...........#
##....
.....##.....##
##.....
.....###......###
##......


You could see a steam dragon.

Vanquished Creatures
  6 adders
  An ooze (D:1)
  3 worms
  2 dart slugs (D:2)
  3 leopard geckos
  An orc (D:3)
  2 ball pythons
  3 giant cockroaches
  8 goblins
  8 hobgoblins
  2 jackals (D:2)
  3 kobolds
  A quokka (D:2)
  6 bats
  4 frilled lizards
  4 rats
57 creatures vanquished.

Notes
Turn   | Place    | Note
-------+----------+-------------------------------------------
     0 | D:1      | Gingerlord the Human Wanderer began the quest for the Orb.
     0 | D:1      | Gingerlord set off with: a book of Spatial Translocations, the Reference Book on Battle Magic, a +0 ring mail, a +0 club, a +0 dagger, a bread ration
     0 | D:1      | Reached XP level 1. HP: 18/18 MP: 1/1
   153 | D:1      | Reached XP level 2. HP: 24/24 MP: 2/2
   422 | D:1      | Reached skill level 1 in Dodging
   480 | D:1      | Reached XP level 3. HP: 27/29 MP: 3/3
  2122 | D:2      | Reached XP level 4. HP: 37/37 MP: 4/4
  2275 | D:2      | Found a basalt altar of Yredelemnul.
  2276 | D:2      | Found a hide-covered altar of Uskayaw.
  2448 | D:2      | Found a deep blue altar of Sif Muna.
  2569 | D:2      | Reached skill level 4 in Fighting
  2798 | D:2      | Reached XP level 5. HP: 35/42 MP: 5/5
  2971 | D:3      | Noticed mibe's ghost (amateur OgWn)
  3440 | D:3      | Found a sacrificial altar of Ru.
  3601 | D:3      | Reached skill level 1 in Maces & Flails
  3949 | D:4      | Noticed a big kobold
  3949 | D:4      | a worker ant changed into a big kobold
  3952 | D:4      | Noticed a fire bat
  3952 | D:4      | a big kobold changed into a fire bat
  3953 | D:4      | Noticed a steam dragon
  3953 | D:4      | a fire bat changed into a steam dragon
  3960 | D:4      | Engulfed by a steam dragon's steam

Skill      XL: |  1  2  3  4  5 |
---------------+----------------+-----
Dodging        | 1 2 |  2.3
Armour         | 2 |  2.4
Fighting       | 4 |  4.1
Maces & Flails | 1 |  1.0
Bows           | |  1.0
Stealth        | |  2.0
Translocations | |  3.0

Action                   |  1- 3 |  4- 6 || total
-------------------------+-------+-------++-------
Melee: Dagger            |   206 |       ||   206
       Rapier            |     5 |   122 ||   127
Evoke: Wand              |       |     6 ||     6
  Use: Potion            |     1 |     1 ||     2
       Scroll            |       |     4 ||     4
 Stab: Sleeping          |     1 |       ||     1
  Eat: Chunk             |     4 |     6 ||    10
Armor: Ring mail         |    82 |    65 ||   147
Dodge: Dodged            |   107 |    95 ||   202
